 Dungeon Crawl Stone Soup version 0.31-a0-819-gf6de2f5ab6 (webtiles) character file.

Game seed: 10800686611548392836

169 Kurtz the Chopper (level 5, -1/36 HPs)
             Began as an Octopode Fighter on Sept 25, 2023.
             Was an Initiate of Gozag.
             Slain by an orc
             ... wielding a +0 trident
              (5 damage)
             ... on level 3 of the Dungeon.
             The game lasted 00:01:31 (1935 turns).

Kurtz the Chopper (Octopode Fighter)                Turns: 1935, Time: 00:01:32

Health: -1/36      AC:  1    Str: 15    XL:     5   Next: 50%
Magic:  5/5        EV: 13    Int: 11    God:    Gozag
Gold:   167        SH:  4    Dex: 13    Spells: 4/4 levels left

rFire   . . .        a - +0 war axe
rCold   . . .        b - +0 buckler
rNeg    . . .        (helmet restricted)
rPois   .            (no amulet)
rElec   .            (no ring)
rCorr   .            (no ring)
SInv    .            (no ring)
Will    +....        (no ring)
Stlth   ++           (no ring)
HPRegen 0.26/turn    (no ring)
MPRegen 0.09/turn    (no ring)
                     (no ring)

%: no passive effects
@: gold aura, enlightened, flying
A: almost no armour, amphibious, 8 rings, camouflage 1, gelatinous body 1,
(nimble swimmer 1), tentacles
a: Renounce Religion, Potion Petition, Call Merchant, Bribe Branch


You were on level 3 of the Dungeon.
You worshipped Gozag.
Gozag was aware of your devotion.
You visited 1 branch of the dungeon, and saw 3 of its levels.

You collected 229 gold pieces.
You paid 62 gold pieces to Gozag.

Inventory:

Hand Weapons
 a - a +0 war axe (weapon)
Missiles
 d - a throwing net
Armour
 b - a +0 buckler (worn)
Scrolls
 e - a scroll of enchant armour {unknown}
 g - 2 scrolls of blinking {unknown}
 h - a scroll of fog {unknown}
 l - a scroll of identify {unknown}
Potions
 c - a potion of might
 f - a potion of magic
 k - a potion of cancellation {unknown}


   Skills:
 + Level 3.0 Fighting
 * Level 5.4 Axes
 * Level 3.0 Dodging
 * Level 3.1 Shields


You had 4 spell levels left.
You didn't know any spells.
Your spell library was empty.

Dungeon Overview and Level Annotations

Branches:
Dungeon (3/15)

Altars:
Dithmenos
Elyvilon
Gozag

Shops:
D:3 [

Annotations:
D:3 3 runed translucent doors, Age's ghost, amateur MiFi


Innate Abilities, Weirdness & Mutations

You cannot wear most types of armour.
You are amphibious.
You can wear up to eight rings at the same time.
Your skin changes colour to match your surroundings (Stealth+).
Your rubbery body absorbs attacks. (AC +1, EV +1)
((You are camouflaged when in or above water. (Stealth+)))
You have tentacles for arms and can constrict up to eight enemies at once.


Message History

You are too injured to fight recklessly!
Unknown command.
The orc shouts!
You hit the orc but do no damage. You grab the orc. You slash the orc!
You kill the orc!
You constrict the orc. The orc hits you with a +0 hand axe.
The orc closely misses you.
Unknown command.
You hit the orc.
The orc is heavily wounded.
You constrict the orc. The orc hits you with a +0 hand axe.
* * * LOW HITPOINT WARNING * * *
You block the orc's attack.
Unknown command.
You slash the orc!
You kill the orc!
The orc hits you from afar with a +0 trident.
* * * LOW HITPOINT WARNING * * *
Unknown command.
It was a potion of magic.
Magic courses through your body.
The orc hits you from afar with a +0 trident.
* * * LOW HITPOINT WARNING * * *
It was a potion of enlightenment.
You feel very buoyant.
You fly up into the air.
The orc throws a boomerang.
The boomerang misses you.
It was a potion of curing.
You feel better. You block the orc's attack.
The orc throws a boomerang.
The boomerang closely misses you.
You slash the orc!
You kill the orc!
You block the orc's attack.
The orc hits you from afar with a +0 trident!
* * * LOW HITPOINT WARNING * * *
The orc closely misses you.
Items here: $ )))) [[.
You barely miss the orc. Your grab misses the orc. The orc closely misses you.
The orc hits you with a +0 trident.
* * * LOW HITPOINT WARNING * * *
The orc hits you from afar with a +0 trident.
You die...
Your body crumbles into a pile of gold.

.............. ........###..#..
##...).####..... .# #.....#
#...... .# #.#.#.# ....... .#
.....#.#........##.###.#
##.>#.........o.......
##.##...........o..###.### ..##
..###+++ #@$.......
##.##..#...... #.$.###..#
##..#..#.....S5#$..# #..# .#
.......#..# #..#...# #..# .#
###....#$#...#.#...###..##.####
#....#..# #..#...............
###....#...?...#...........##
.......#
......#..#####.#...####
###.#..#########..#
#...........


You could see 2 orcs.

Vanquished Creatures
  2 orc wizards (D:3)
  2 adders (D:2)
  A worm (D:3)
  3 dart slugs
  16 orcs (D:3)
  8 ball pythons
  4 endoplasms
  2 giant cockroaches (D:1)
  5 goblins
  8 hobgoblins
  A jackal (D:1)
  3 quokkas
  5 bats (D:1)
  5 frilled lizards
  3 kobolds (D:1)
  6 rats
74 creatures vanquished.

Notes
Turn   | Place    | Note
-------+----------+-------------------------------------------
     0 | D:1      | Kurtz the Octopode Fighter began the quest for the Orb.
     0 | D:1      | Reached XP level 1. HP: 16/16 MP: 1/1
   111 | D:1      | Reached XP level 2. HP: 20/21 MP: 2/2
   170 | D:1      | Reached skill level 3 in Axes
   539 | D:1      | Reached XP level 3. HP: 24/26 MP: 3/3
   762 | D:1      | Found a faded altar of an unknown god.
  1192 | D:2      | Reached skill level 4 in Axes
  1318 | D:2      | Reached XP level 4. HP: 31/31 MP: 4/4
  1666 | D:3      | Found a runed translucent gate.
  1669 | D:3      | Noticed Age's ghost (amateur MiFi)
  1690 | D:3      | Found an opulent altar of Gozag.
  1696 | D:3      | Reached skill level 5 in Axes
  1703 | D:3      | Became a worshipper of Gozag Ym Sagoz the Greedy
  1750 | D:3      | Reached XP level 5. HP: 36/36 MP: 5/5
  1789 | D:3      | Found Teapaloe's Antique Armour Emporium.
  1837 | D:3      | Found a white marble altar of Elyvilon.
  1837 | D:3      | Found a shadowy altar of Dithmenos.
  1909 | D:3      | Found a runed translucent gate.
  1910 | D:3      | Found a runed translucent gate.
  1935 | D:3      | Slain by an orc

Illustrated notes

Levels and vault maps discovered:
D:1:      co_arrival_random_square_maze, layout_basic,
          dreamdust_ecumenical_altar_angels_and_demons, st_stairs_9,
          corexii_leaking_fountain, minmay_misc_feat_roman,
          minmay_gold_behind_fungi
D:2:      layout_loops_corners
D:3:      layout_loops_ring, nicolae_gozag_seed_capital,
          gammafunk_temple_overflow_elements, gammafunk_ghost_split,
          serial_shops, nicolae_shop_rolling_square

Skill      XL: |  1  2  3  4 |
---------------+-------------+-----
Axes           | 3 4 5 |  5.4
Fighting       | |  3.0
Dodging        | |  3.0
Shields        | |  3.1

Action                     |  1- 3 |  4- 6 || total
---------------------------+-------+-------++-------
  Melee: War axe           |    75 |    55 ||   130
         Constrict         |    22 |    15 ||    37
         Tentacles         |    11 |     5 ||    16
         Punch             |     1 |     1 ||     2
    Use: Potion            |       |     3 ||     3
   Stab: Sleeping          |     9 |     3 ||    12
         Distracted        |       |     2 ||     2
 Armour: Skin              |    26 |    22 ||    48
  Dodge: Dodged            |    42 |    39 ||    81
  Block: Buckler           |    17 |     9 ||    26

Table legend: (Time is in decaauts)
 A = Elapsed time spent in this place.
 B = Non-inter-level travel time spent in this place.
 C = Inter-level travel time spent in this place.
 D = Time resting spent in this place.
 E = Time spent auto-exploring this place.
 F = Levels seen in this place.
 G = Mean time per level.
                   A        B        C        D        E       F      G
               +--------+--------+--------+--------+--------+-----+--------+
         Total |   1977 |   1953 |     24 |      0 |   1549 |   3 |  659.0 |
       Dungeon |   1977 |   1953 |     24 |      0 |   1549 |   3 |  659.0 |
               +--------+--------+--------+--------+--------+-----+--------+

Top non-repeatable levels by time:
     D:1: 835 daAuts
     D:2: 766 daAuts
     D:3: 375 daAuts
